 Dungeon Crawl Stone Soup version 0.30-a0-1016-gfb0d676c02 (webtiles) character file.

Game seed: 17288972244202680496

729 GigaChad the Chopper (level 8, -4/61 HPs)
             Began as a Formicid Fighter on Apr 6, 2023.
             Slain by a water moccasin (6 damage)
             ... on level 5 of the Dungeon.
             The game lasted 00:04:48 (4093 turns).

GigaChad the Chopper (Formicid Fighter)             Turns: 4093, Time: 00:04:48

Health: -4/61      AC:  7    Str: 22    XL:     8   Next: 3%
Magic:  8/8        EV: 10    Int:  9    God:
Gold:   321        SH:  7    Dex: 13    Spells: 7/7 levels left

rFire   . . .      SeeInvis +    a - +0 war axe
rCold   . . .      Faith    .    c - +2 buckler
rNeg    . . .      Spirit   .    b - +0 scale mail
rPois   .          Reflect  .    (helmet unavailable)
rElec   .          Rampage  .    (no cloak)
rCorr   .                        (no gloves)
Will    .....                    (no boots) Stlth
                                 (no amulet)
HPRegen 0.30/turn                (no ring)
MPRegen 0.11/turn                (no ring)

@: lethally poisoned (-4 -> -5)
A: permanent stasis, dig shafts and tunnels, antennae 3, four strong arms
a: Dig, Shaft Self


You were on level 5 of the Dungeon.
You visited 1 branch of the dungeon, and saw 5 of its levels.

You collected 321 gold pieces.

Inventory:

Hand Weapons
 a - a +0 war axe (weapon)
Armour
 b - a +0 scale mail (worn)
 c - a +2 buckler (worn)
Jewellery
 i - a ring of willpower
Wands
 n - a wand of flame (24) (quivered)
 o - a wand of quicksilver (5)
Scrolls
 f - a scroll of amnesia {unknown}
 g - a scroll of teleportation
 h - a scroll of noise
Potions
 d - a potion of might
 e - a potion of degeneration {unknown}
 j - a potion of attraction {unknown}
 k - 5 potions of curing {unknown}
 l - 3 potions of lignification {unknown}
 m - a potion of berserk rage {unknown}
 q - a potion of cancellation {unknown}
 r - a potion of haste {unknown}


   Skills:
 * Level 4.7 Fighting
 + Level 5.8 Axes
 + Level 5.3 Armour
 - Level 1.2 Dodging
 - Level 1.5 Stealth
 * Level 5.2 Shields
 - Level 0.1 Evocations


You had 7 spell levels left.
You didn't know any spells.
Your spell library contained the following spells:

 Spells                   Type           Power      Damage    Failure   Level
 Sandblast                Erth           0%         2d4       77%         1
 Shock                    Conj/Air       0%         1d3       77%         1
 Passwall                 Tmut/Erth      0%         N/A       88%         2
 Hailstorm                Conj/Ice       0%         3d3       98%         3
 Stone Arrow              Conj/Erth      0%         3d7       98%         3
 Vhi's Electric Charge    Tloc/Air       0%         N/A       98%         3
 Airstrike                Air            0%         2d(0-16)  100%        4
 Ice Form                 Ice/Tmut       0%         N/A       100%        4
 Arcjolt                  Conj/Air       0%         1d10      100%        5
 Simulacrum               Ice/Necr       0%         N/A       100%        6
 Maxwell's Capacitive Co  Air            0%         ∞         100%        8
 Swiftness                Air            Unusable   N/A       N/A         3

Dungeon Overview and Level Annotations

Branches:
Dungeon (5/15)
 Temple: D:4-7

Altars:
Elyvilon
Xom

Shops:
D:3 ?


Innate Abilities, Weirdness & Mutations

You cannot be hasted, slowed, berserked, paralysed or teleported.
You can dig through walls and to a lower floor.
You have a pair of large antennae on your head. (SInv)
Your four strong arms can wield two-handed weapons with a shield.


Message History

You feel very sick. The water moccasin barely misses you.
The water moccasin bites you.
You are too injured to fight recklessly!
You are too injured to fight recklessly!
You are too injured to fight recklessly!
You hit the water moccasin.
The water moccasin is heavily wounded.
You feel very sick. You block the water moccasin's attack.
The water moccasin bites you but does no damage.
You barely miss the water moccasin.
The water moccasin is heavily wounded.
You feel very sick.
The water moccasin bites you but does no damage. x2
You barely miss the water moccasin.
The water moccasin is heavily wounded.
You feel sick. You block the water moccasin's attack.
You hit the water moccasin.
The water moccasin is severely wounded.
You feel sick. The water moccasin bites you.
* * * LOW HITPOINT WARNING * * *
The water moccasin bites you but does no damage.
You miss the water moccasin.
The water moccasin is severely wounded.
You feel sick.
The water moccasin bites you but does no damage.
The water moccasin bites you.
* * * LOW HITPOINT WARNING * * *
You hit the water moccasin.
The water moccasin is almost dead.
You feel sick. The water moccasin closely misses you.
You closely miss the water moccasin.
The water moccasin is almost dead.
You feel sick. The water moccasin closely misses you.
The water moccasin barely misses you.
You closely miss the water moccasin.
The water moccasin is almost dead.
You feel sick. The water moccasin barely misses you.
The water moccasin bites you.
You die...

# #.# #.# #+#
######.# # #>#
#......# . #.###
###.###### #.##...
..#.# #.#...##
#.#.# ..##......##
#.#.# ......S@...#
#.#.#
.....##.##.###.#.#
#.# #.##.......#
#.######.###
#.######.#
#........#
##########


You could see a water moccasin.

Vanquished Creatures
  A water moccasin (D:5)
  2 ogres
  A centaur (D:5)
  2 jellies (D:4)
  2 hounds (D:5)
  An iguana (D:4)
  An orc wizard (D:4)
  7 gnolls
  5 adders
  An ufetubus (D:5)
  A worm (D:5)
  4 dart slugs
  6 orcs
  5 endoplasms
  4 giant cockroaches
  5 hobgoblins
  6 jackals
  2 quokkas
  3 ball pythons
  6 bats
  11 goblins
  7 kobolds
  2 rats
85 creatures vanquished.

Notes
Turn   | Place    | Note
-------+----------+-------------------------------------------
     0 | D:1      | GigaChad the Formicid Fighter began the quest for the Orb.
     0 | D:1      | Reached XP level 1. HP: 18/18 MP: 1/1
   328 | D:1      | Reached XP level 2. HP: 18/24 MP: 2/2
   693 | D:2      | Reached XP level 3. HP: 28/29 MP: 3/3
   731 | D:2      | Reached XP level 4. HP: 34/35 MP: 4/4
  1347 | D:3      | Found a white marble altar of Elyvilon.
  1416 | D:3      | Found Nankaokh's Magic Scroll Shop.
  1433 | D:3      | Reached XP level 5. HP: 39/42 MP: 5/5
  1609 | D:3      | Noticed an ogre
  1634 | D:3      | Killed an ogre
  1635 | D:3      | Reached XP level 6. HP: 10/48 MP: 6/6
  2368 | D:4      | Reached skill level 1 in Stealth
  2976 | D:4      | Found a shimmering altar of Xom.
  3373 | D:5      | Entered Level 5 of the Dungeon
  3440 | D:5      | Reached XP level 7. HP: 45/51 MP: 7/7
  3456 | D:5      | Reached skill level 5 in Axes
  3456 | D:5      | Reached skill level 5 in Shields
  3533 | D:5      | Noticed a water moccasin
  3547 | D:5      | Killed a water moccasin
  3548 | D:5      | Reached skill level 5 in Armour
  3548 | D:5      | Reached skill level 1 in Dodging
  3784 | D:5      | Reached XP level 8. HP: 13/61 MP: 8/8
  4092 | D:5      | HP: 3/61 [poisoned by a water moccasin]
  4093 | D:5      | Slain by a water moccasin

Illustrated notes

Levels and vault maps discovered:
D:1:      dpeg_arrival_arbitrary_a, layout_basic
D:2:      layout_rooms, nicolae_kite_square_tiling_tiny
D:3:      layout_loops_cross, nicolae_elyvilon_temple_path, serial_shops, shop,
          minmay_ogre_servants
D:4:      layout_basic, nicolae_overflow_hidden_temple, minmay_small_thing
D:5:      layout_loops_corners

Skill      XL: |  1  2  3  4  5  6  7 |
---------------+----------------------+-----
Axes           | 3 4 5 |  5.8
Armour         | 4 5 |  5.3
Fighting       | 4 |  4.7
Stealth        | 1 |  1.5
Shields        | 5 |  5.2
Dodging        | 1 |  1.2
Evocations     | |  0.1

Action                     |  1- 3 |  4- 6 |  7- 9 || total
---------------------------+-------+-------+-------++-------
  Melee: War axe           |    56 |   172 |    61 ||   289
Ability: Dig               |       |     1 |       ||     1
  Evoke: Wand              |       |     2 |       ||     2
    Use: Scroll            |       |    10 |       ||    10
 Armour: Scale mail        |    29 |    63 |    17 ||   109
  Dodge: Dodged            |    37 |    74 |    36 ||   147
  Block: Buckler           |    15 |    62 |    19 ||    96

Table legend: (Time is in decaauts)
 A = Elapsed time spent in this place.
 B = Non-inter-level travel time spent in this place.
 C = Inter-level travel time spent in this place.
 D = Time resting spent in this place.
 E = Time spent auto-exploring this place.
 F = Levels seen in this place.
 G = Mean time per level.
                   A        B        C        D        E       F      G
               +--------+--------+--------+--------+--------+-----+--------+
         Total |   4186 |   4120 |     66 |    244 |   3122 |   5 |  837.2 |
       Dungeon |   4186 |   4120 |     66 |    244 |   3122 |   5 |  837.2 |
               +--------+--------+--------+--------+--------+-----+--------+

Top non-repeatable levels by time:
     D:4: 1177 daAuts
     D:3: 936 daAuts
     D:5: 734 daAuts
     D:1: 695 daAuts
     D:2: 643 daAuts
